 Dungeon Crawl Stone Soup version 0.21.1-1-g345015f (webtiles) character file.

254 Opti87 the Chopper (level 6, 0/56 HPs)
             Began as a Hill Orc Monk on May 13, 2018.
             Succumbed to a scorpion's poison
             ... on level 4 of the Dungeon.
             The game lasted 00:11:23 (3445 turns).

Opti87 the Chopper (Hill Orc Monk)                  Turns: 3445, Time: 00:11:24

Health: 0/56       AC:  7    Str: 16    XL:     6   Next: 15%
Magic:  6/6        EV:  9    Int: 10    God:
Gold:   110        SH:  8    Dex: 13    Spells: 5/5 levels left

rFire    . . .     SeeInvis .   a - +0 hand axe
rCold    . . .     Gourm    .   d - +0 shield
rNeg     . . .     Faith    .   j - +0 ring mail
rPois    .         Spirit   .   f - +0 helmet
rElec    .         Reflect  .   i - +0 cloak
rCorr    .         Harm     .   (no gloves)
MR       .....                  (no boots)
Stlth    +.........             (no amulet)
HPRegen  0.18/turn              (no ring)
MPRegen  0.10/turn              (no ring)

@: lethally poisoned (0 -> -15)
A: no striking features
a: no special abilities


You were on level 4 of the Dungeon.
You were not hungry.

You visited 1 branch of the dungeon, and saw 4 of its levels.

You collected 110 gold pieces.

Inventory:

Hand Weapons
 a - a +0 hand axe (weapon)
Armour
 b - a +0 robe
 d - a +0 shield (worn)
 f - a +0 helmet (worn)
 h - a +0 leather armour
 i - a +0 cloak (worn)
 j - a +0 ring mail (worn)
Scrolls
 e - 2 scrolls of identify {@r1}
 k - a scroll of random uselessness
Comestibles
 c - 3 rations


   Skills:
 + Level 5.1 Fighting
 + Level 5.6 Axes
 + Level 2.9 Armour
 - Level 2.4 Dodging
 - Level 1.6 Stealth
 + Level 2.8 Shields


You had 5 spell levels left.
You didn't know any spells.

Dungeon Overview and Level Annotations

Branches:
Dungeon (4/15)
 Temple: D:4-7

Altars:
Makhleb

Annotations:
D:2 exclusions: downstairs and 1 more exclusion, Sigmund
D:3 exclusions: 2 upstairs and 3 more exclusions, vatarom's ghost, amateur DESu


Message History

You feel sick. You block the worker ant's attack. The quokka barely misses you.
The scorpion barely misses you.
As you read the scroll labeled QIRGHAF HERCHOHA, it crumbles to dust.
You assume a fearsome visage.
The worker ant looks frightened!
The quokka looks frightened!
The scorpion looks frightened!
It was a scroll of fear.
* * * LOW HITPOINT WARNING * * *
You feel sick.
As you read the scroll labeled RIRUITUKKO, it crumbles to dust.
Your +0 hand axe glows pulsating azure for a moment.
It was a scroll of random uselessness.
Your surroundings suddenly seem different.
* * * LOW HITPOINT WARNING * * *
You feel sick.
Found a short sword.
An orc priest comes into view. It is wielding a dagger.
As you read the scroll labeled NOOPLET SE ANU, it crumbles to dust.
It is a scroll of identify.
You don't have any unidentified items.
You die...

# .#
####.#
##....#
#)....##..
#.@.......
#.....####
##...##
##.## .#
.# o# .#


You could see an orc priest (sleeping).

Vanquished Creatures
  A bullfrog zombie (D:2)
  A hound (D:4)
  Crazy Yiuf (D:2)
  Natasha (D:3)
  Robin (D:1)
  4 adders
  4 worms
  2 dart slugs (D:2)
  2 leopard geckos
  An orc (D:4)
  5 giant cockroaches
  16 goblins
  6 hobgoblins
  7 jackals
  2 ball pythons
  12 bats
  5 kobolds
  3 rats
74 creatures vanquished.

Notes
Turn   | Place    | Note
-------+----------+-------------------------------------------
     0 | D:1      | Opti87 the Hill Orc Monk began the quest for the Orb.
     0 | D:1      | Reached XP level 1. HP: 19/19 MP: 1/1
   232 | D:1      | Reached XP level 2. HP: 13/27 MP: 2/2
   867 | D:1      | Found a burning altar of Makhleb.
   870 | D:1      | Reached skill level 1 in Armour
   870 | D:1      | Reached skill level 1 in Shields
   918 | D:1      | Reached XP level 3. HP: 27/33 MP: 3/3
  1488 | D:2      | Reached XP level 4. HP: 33/40 MP: 4/4
  1900 | D:2      | Noticed Robin
  1957 | D:1      | Killed Robin
  2146 | D:2      | Reached skill level 5 in Axes
  2409 | D:2      | Reached XP level 5. HP: 46/47 MP: 5/5
  2644 | D:2      | Noticed Sigmund
  2710 | D:2      | Found a runed door.
  2714 | D:2      | Noticed Crazy Yiuf
  2726 | D:2      | Killed Crazy Yiuf
  3020 | D:3      | Noticed vatarom's ghost (amateur DESu)
  3330 | D:3      | Noticed Natasha
  3338 | D:3      | Killed Natasha
  3338 | D:3      | Reached skill level 5 in Fighting
  3430 | D:4      | Reached XP level 6. HP: 53/56 MP: 6/6
  3444 | D:4      | HP: 2/56 [poisoned by a scorpion]
  3445 | D:4      | Succumbed to a scorpion's poison

Skill      XL: |  1  2  3  4  5 |
---------------+----------------+-----
Armour         | 1 2 |  2.9
Shields        | 1 2 |  2.8
Fighting       | 4 5 |  5.1
Axes           | 5 |  5.6
Dodging        | |  2.4
Stealth        | |  1.6

Action                   |  1- 3 |  4- 6 || total
-------------------------+-------+-------++-------
Melee: Hand axe          |    85 |   228 ||   313
  Use: Scroll            |       |     7 ||     7
       Potion            |       |     1 ||     1
 Stab: Sleeping          |     5 |     2 ||     7
  Eat: Chunk             |     2 |     3 ||     5
       Ration            |       |     1 ||     1
Armor: Robe              |    15 |       ||    15
       Leather armour    |     7 |       ||     7
       Ring mail         |     6 |    88 ||    94
Dodge: Dodged            |    45 |   106 ||   151
Block: Shield            |    38 |   103 ||   141
